 Dungeon Crawl Stone Soup version 0.30.0-10-gfe55d96785 (webtiles) character file.

Game seed: 15639868367333850461

6 monsoonserge the Covered (level 2, 25/25 (26) HPs)
             Began as a Meteoran Fighter on May 15, 2023.
             Was a Plaything of Xom.
             Quit the game on level 1 of the Dungeon.
             The game lasted 00:00:43 (63 turns).

monsoonserge the Covered (Meteoran Fighter)           Turns: 63, Time: 00:00:44

HP:   25/25 (26)    AC:  7    Str: 17    XL:     2   Next: 11%
MP:   3/3           EV:  9    Int:  9    God:    Xom [..*...]
Gold: 0             SH:  5    Dex: 13    Spells: 1/1 levels left

rFire   . . .        a - +0 flail
rCold   . . .        c - +0 buckler
rNeg    . . .        b - +0 scale mail
rPois   .            (no helmet)
rElec   .            (no cloak)
rCorr   .            (no gloves)
SInv    .            (no boots)
Will    .....        (no amulet) Stlth
                     (no ring)
HPRegen 0.24/turn    (no ring)
MPRegen 0.08/turn

%: no passive effects
@: glowing, lightly drained
A: sense surroundings 1, otherworldly, glowing, explore regen
a: Renounce Religion


You were on level 1 of the Dungeon.
You worshipped Xom.
You were a toy of Xom.
You visited 1 branch of the dungeon, and saw 1 of its levels.

Inventory:

Hand Weapons
 a - a +0 flail (weapon)
Armour
 b - a +0 scale mail (worn)
 c - a +0 buckler (worn)
Potions
 d - a potion of might


   Skills:
 + Level 3.4 Fighting
 + Level 2.8 Maces & Flails
 + Level 3.8 Armour
 + Level 3.7 Shields


You had one spell level left.
You didn't know any spells.
Your spell library was empty.

Dungeon Overview and Level Annotations

Branches:
Dungeon (1/15) Zot: 531

Altars:
Xom

Shops:
D:1 ?


Innate Abilities, Weirdness & Mutations

You passively map a small area around you.
You are easily found by Zot.
You glow in the dark.
You regain HP and MP as you explore.


Message History

The quokka bites you but does no damage.
The spectral goblin barely misses you.
You barely miss the quokka.
The quokka is severely wounded.
The quokka completely misses you. You block the spectral goblin's attack.
You block the quokka's attack.
You completely miss the quokka.
The quokka is severely wounded.
The spectral goblin hits you but does no damage.
The quokka closely misses you.
You barely miss the quokka.
The quokka is severely wounded.
The quokka bites you.
The spectral goblin hits you but does no damage.
The quokka barely misses you.
The spectral goblin hits you but does no damage.
You miss the quokka.
The quokka is severely wounded.
You block the quokka's attack. The spectral goblin hits you.
You feel drained.
You hit the quokka.
You kill the quokka!
The spectral goblin closely misses you.
You have reached level 2!
You sock the spectral goblin!
You destroy the spectral goblin!
Press: ? - help, v - describe, . - travel, g - get item
Items here: a +0 whip; a kobold corpse.
The floor.
You open the gate.
Found a ruby potion and a club.
Found a faded altar of an unknown god.
There is an open gate here.
You enter the shallow water.
Moving in this stuff is going to be slow.
You see here a +0 club.
There is a faded altar of an unknown god here.
This altar belongs to (a) Zin, (b) Xom or (c) Gozag, but you can't tell which.
Press the corresponding letter to learn more about a god, or press enter to convert or escape to cancel.
Xom accepts your prayer! Xom welcomes you!
Xom is intrigued!
Are you sure you want to abandon this character and quit the game? (Confirm with "yes".)

#...####...####+
#......)........
#......)..~....
#.#.~##'''~#~. .
#..#.##~.~~.## ..
#.##~#~.~.~.~#~.#
* #.
~.#~.~..~!~~.~
#.~###~.~)~..###.
..#~.~~~@~..~.#,
#. #8.#######~8~~
~~## ~, *~##~ ~.
,,~ , ~ , *# * **


There were no monsters in sight!

Vanquished Creatures
  An endoplasm (D:1)
  A giant cockroach (D:1)
  A quokka (D:1)
  A frilled lizard (D:1)
  A kobold (D:1)
  A spectral goblin (D:1)
6 creatures vanquished.

Notes
Turn   | Place    | Note
-------+----------+-------------------------------------------
     0 | D:1      | monsoonserge the Meteoran Fighter began the quest for the
                  | Orb.
     0 | D:1      | Reached XP level 1. HP: 19/19 MP: 2/2
     4 | D:1      | Found Woisig's Magic Scroll Shoppe.
    54 | D:1      | Reached XP level 2. HP: 24/25 MP: 3/3
    55 | D:1      | Found a faded altar of an unknown god.
    62 | D:1      | Prayed at the altar of an unknown god.
    62 | D:1      | Became a worshipper of Xom of Chaos
    63 | D:1      | Quit the game

Illustrated notes

Levels and vault maps discovered:
D:1:      psy_arrival_basics, layout_basic, serial_shops, shop,
          nicolae_shop_scrapyard, shop, nicolae_shop_dealshenge, shop,
          dreamdust_ecumenical_altar_drowned_temple,
          dreamdust_princess_corridor, minmay_tall_x

Action                     || total
---------------------------++-------
  Melee: Flail             ||    16
 Armour: Scale mail        ||    11
  Dodge: Dodged            ||    10
  Block: Buckler           ||     4
